 Dungeon Crawl Stone Soup version 0.30-a0-587-gfd7c166f36 (webtiles) character file.

Game seed: 17444732762599739672

1849 Citaku the Shield-Bearer (level 8, -1/74 HPs)
             Began as a Minotaur Fighter on Jan 4, 2023.
             Slain by a gnoll
             ... wielding a +0 spear
             ... led by a gnoll sergeant
              (5 damage)
             ... on level 7 of the Dungeon.
             The game lasted 00:10:01 (5820 turns).

Citaku the Shield-Bearer (Minotaur Fighter)         Turns: 5820, Time: 00:10:01

Health: -1/74      AC:  9    Str: 26    XL:     8   Next: 88%
Magic:  7/7        EV:  7    Int:  5    God:
Gold:   318        SH:  6    Dex: 13    Spells: 7/7 levels left

rFire   . . .      SeeInvis .    a - +0 war axe
rCold   . . .      Faith    .    c - +0 buckler
rNeg    . . .      Spirit   .    z - +0 plate armour
rPois   .          Reflect  .    (helmet restricted)
rElec   .          Harm     .    v - scarf {repulsion}
rCorr   .          Rampage  .    (no gloves)
Will    +....                    (no boots) Stlth
                                 (no amulet)
HPRegen 0.32/turn                l - +6 ring of strength
MPRegen 0.10/turn                w - ring of willpower

@: mighty, corroded, repel missiles
A: horns 2, retaliatory headbutt
a: no special abilities


You were on level 7 of the Dungeon.
You visited 1 branch of the dungeon, and saw 7 of its levels.

You collected 318 gold pieces.

Inventory:

Hand Weapons
 a - a +0 war axe (weapon)
Armour
 c - a +0 buckler (worn)
 v - a scarf of repulsion (worn)
 z - a +0 plate armour (worn)
Jewellery
 l - a +6 ring of strength (left hand)
 n - a ring of positive energy
 o - a +5 ring of evasion
 w - a ring of willpower (right hand)
 A - a ring of resist corrosion
Wands
 g - a wand of roots (10)
Scrolls
 e - a scroll of vulnerability
 f - 2 scrolls of enchant armour
 h - a scroll of fear
 p - 2 scrolls of poison
 s - 2 scrolls of magic mapping
 u - a scroll of amnesia {unknown}
 x - 3 scrolls of teleportation {unknown}
 y - a scroll of acquirement {unknown}
Potions
 d - a potion of might
 i - 4 potions of heal wounds {unknown}
 j - 3 potions of curing
 k - 2 potions of degeneration {unknown}
 m - 3 potions of attraction {unknown}
 q - 3 potions of mutation {unknown}
 r - a potion of invisibility {unknown}
 t - a potion of lignification {unknown}


   Skills:
 + Level 7.7 Fighting
 + Level 7.3 Axes
 + Level 7.8 Armour
 + Level 7.8 Shields


You had 7 spell levels left.
You didn't know any spells.
Your spell library contained the following spells:

 Spells                   Type           Power      Damage    Failure   Level
 Dazzling Flash           Conj/Hex       0%         N/A       100%        3
 Stone Arrow              Conj/Erth      0%         3d7       100%        3
 Animate Armour           Summ/Erth      0%         N/A       100%        4
 Agony                    Necr           0%         N/A       100%        5
 Silence                  Hex/Air        0%         N/A       100%        5
 Lehudib's Crystal Spear  Conj/Erth      0%         10d2      100%        8


Dungeon Overview and Level Annotations

Branches:
Dungeon (7/15)
 Temple: D:4-7

Altars:
Xom


Innate Abilities, Weirdness & Mutations

You have a pair of horns on your head.
You reflexively headbutt those who attack you in melee.


Message History

Your headbutt misses the gnoll sergeant.
You hit the gnoll. You miss something. You block the gnoll sergeant's attack.
The gnoll hits you from afar with a +0 spear.
The gnoll hits you but does no damage. Something hits you but does no damage.
You hit the gnoll sergeant.
The gnoll sergeant is lightly wounded.
You hit the gnoll. You closely miss something.
The gnoll sergeant hits you with a +0 trident!
You block the gnoll's attack. Something hits you. You block the gnoll's attack.
You slash the gnoll sergeant!
The gnoll sergeant is severely wounded.
You hit the gnoll.
You kill the gnoll!
You slash something!
Reactivating autopickup.
You feel a bit more experienced.
The gnoll sergeant hits you with a +0 trident.
The gnoll hits you but does no damage.
You hit the gnoll sergeant.
The gnoll sergeant is severely wounded.
You hit the jelly.
Your hands burn!
The jelly hits you. The acid corrodes you!
You are splashed with acid.
The gnoll hits you from afar with a +0 spear.
The gnoll hits you with a +0 flail. You block the gnoll's attack.
The gnoll sergeant hits you with a +0 trident.
* * * LOW HITPOINT WARNING * * *
The gnoll hits you with a +0 spear.
* * * LOW HITPOINT WARNING * * *
You block the jelly's attack.
You barely miss the jelly.
The jelly is moderately wounded.
You slash the gnoll! You closely miss the gnoll sergeant.
You closely miss the gnoll. You hit the gnoll.
The gnoll hits you with a +0 flail.
* * * LOW HITPOINT WARNING * * *
The gnoll barely misses you.
The gnoll sergeant hits you with a +0 trident.
* * * LOW HITPOINT WARNING * * *
The jelly hits you but does no damage. The gnoll hits you with a +0 spear.
You die... #.... .# .#.. .. . ... .## .. #.. .. .. #..#.##.# #...... #ggg#

.#####J@#
......g)#
.######)## #)).#
#.[.# #...# ###
#####..)####.#
....#............#
...........<......


You could see a gnoll sergeant, a jelly and 3 gnolls.

Vanquished Creatures
  2 orc warriors (D:7)
  2 sky beasts (D:6)
  An ice beast (D:7)
  4 ogres
  A centaur (D:3)
  A necrophage (D:5)
  2 scorpions
  3 hounds (D:6)
  3 orc priests
  2 gnoll boudas
  5 iguanas
  4 orc wizards
  Robin (D:4)
  8 gnolls
  11 adders
  A white imp (D:6)
  3 ufetubi
  2 worms (D:3)
  29 orcs
  4 bats
  7 endoplasms
  2 giant cockroaches
  12 goblins
  9 hobgoblins
  6 jackals
  3 quokkas
  9 ball pythons
  A frilled lizard (D:1)
  3 kobolds
  9 rats
150 creatures vanquished.

Notes
Turn   | Place    | Note
-------+----------+-------------------------------------------
     0 | D:1      | Citaku the Minotaur Fighter began the quest for the Orb.
     0 | D:1      | Reached XP level 1. HP: 19/19 MP: 0/0
    94 | D:1      | Reached XP level 2. HP: 27/27 MP: 1/1
   356 | D:1      | Reached XP level 3. HP: 33/33 MP: 2/2
  1305 | D:3      | Reached XP level 4. HP: 29/41 MP: 3/3
  1377 | D:3      | Noticed a centaur
  1385 | D:3      | Killed a centaur
  1386 | D:3      | Reached XP level 5. HP: 47/47 MP: 4/4
  1553 | D:3      | Reached skill level 5 in Armour
  1553 | D:3      | Reached skill level 5 in Shields
  1669 | D:3      | Found a shimmering altar of Xom.
  1720 | D:3      | Reached skill level 5 in Fighting
  2242 | D:4      | Reached XP level 6. HP: 56/56 MP: 5/5
  2498 | D:4      | Noticed Robin
  2515 | D:4      | Killed Robin
  2635 | D:4      | Reached skill level 5 in Axes
  2635 | D:4      | Reached XP level 7. HP: 57/61 MP: 6/6
  2931 | D:5      | Entered Level 5 of the Dungeon
  4634 | D:6      | Reached XP level 8. HP: 65/71 MP: 7/7
  5820 | D:7      | Slain by a gnoll

Illustrated notes

Levels and vault maps discovered:
D:1:      nicolae_arrival_memento_mori, layout_rooms, minmay_tromino_v2
D:2:      minmay_general_purpose_star, layout_basic
D:3:      layout_loops_cross, mainiacjoe_overflow_paths, kennysheep_nub,
          kennysheep_cluttered_room, kennysheep_generic_room_6
D:4:      layout_basic, minmay_fountain_box, minmay_misc_feat_hallway,
          uniq_robin
D:5:      layout_layer_cave
D:6:      layout_loops_corners
D:7:      layout_loops_cross, mainiacjoe_overflow_alcove_2,
          minmay_temple_entry_proselytizer, minivault_14

Skill      XL: |  1  2  3  4  5  6  7  8 |
---------------+-------------------------+-----
Fighting       | 4 5 6 7 |  7.7
Armour         | 4 5 6 7 |  7.8
Shields        | 4 5 6 7 |  7.8
Axes           | 3 4 5 6 7 |  7.3

Action                   |  1- 3 |  4- 6 |  7- 9 || total
-------------------------+-------+-------+-------++-------
Melee: War axe           |    66 |    84 |   151 ||   301
       Headbutt          |     4 |    13 |    22 ||    39
  Use: Scroll            |       |       |     5 ||     5
       Potion            |       |       |     2 ||     2
Armor: Scale mail        |    54 |    25 |    48 ||   127
       Plate armour      |       |       |     9 ||     9
Dodge: Dodged            |    43 |    75 |    74 ||   192
       Repelled          |       |       |     2 ||     2
Block: Buckler           |    17 |    32 |    33 ||    82

Table legend: (Time is in decaauts)
 A = Elapsed time spent in this place.
 B = Non-inter-level travel time spent in this place.
 C = Inter-level travel time spent in this place.
 D = Time resting spent in this place.
 E = Time spent auto-exploring this place.
 F = Levels seen in this place.
 G = Mean time per level.
                   A        B        C        D        E       F      G
               +--------+--------+--------+--------+--------+-----+--------+
         Total |   5902 |   5902 |      0 |      0 |   4502 |   7 |  843.1 |
       Dungeon |   5902 |   5902 |      0 |      0 |   4502 |   7 |  843.1 |
               +--------+--------+--------+--------+--------+-----+--------+

Top non-repeatable levels by time:
     D:5: 1362 daAuts
     D:6: 1047 daAuts
     D:3: 961 daAuts
     D:4: 755 daAuts
     D:2: 738 daAuts
     D:1: 527 daAuts
     D:7: 509 daAuts
